 Dungeon Crawl Stone Soup version 0.24.0-1-gfbc8707 (webtiles) character file.

Game seed: 6016185346245201967, levelgen mode: deterministic

12627 Blackhawk the Fighter (level 11, -6/101 HPs)
             Began as a Minotaur Berserker on Nov 1, 2019.
             Was an Elder of Trog.
             Mangled by an unseen horror (7 damage)
             ... on level 11 of the Dungeon.
             The game lasted 00:23:44 (13522 turns).

Blackhawk the Fighter (Minotaur Berserker)         Turns: 13522, Time: 00:23:44

Health: -6/101     AC:  6    Str: 25    XL:     11   Next: 64%
Magic:  10/10      EV: 12    Int:  6    God:    Trog [****..]
Gold:   457        SH:  9    Dex: 10    Spells: 10/10 levels left

rFire    + . .     SeeInvis .   A - +8 hand axe of Sonan {freeze, +Inv rElec rF+}
rCold    . . .     Gourm    .   N - -2 shield (curse)
rNeg     . . .     Faith    .   j - +0 ring mail
rPois    .         Spirit   .   (helmet restricted)
rElec    +         Reflect  .   (no cloak)
rCorr    .         Harm     .   (no gloves)
MR       .....                  (no boots)
Stlth    +.........             (no amulet)
HPRegen  0.26/turn              E - ring of stealth
MPRegen  0.12/turn              w - +2 ring of intelligence

@: very slightly contaminated, heavily drained
A: retaliatory headbutt, horns 2
a: Berserk, Trog's Hand, Brothers in Arms, Renounce Religion, Evoke Invisibility


You were on level 11 of the Dungeon.
You worshipped Trog.
Trog was greatly pleased with you.
You were very hungry.

You visited 1 branch of the dungeon, and saw 10 of its levels.
You also visited: Sewer.

You collected 457 gold pieces.

Inventory:

Hand Weapons
 a - a +0 hand axe
 A - the +8 hand axe of Sonan (weapon) {freeze, +Inv rElec rF+}
   (You found it on level 5 of the Dungeon)

   It has been specially enchanted to freeze those struck by it, causing extra
   injury to most foes and up to half again as much damage against particularly
   susceptible opponents.
   It can also slow down cold-blooded creatures.
   It protects you from fire.
   It insulates you from electricity.
   It lets you turn invisible.
 G - a +5 war axe
Missiles
 L - 2 throwing nets (quivered)
Armour
 b - a +0 animal skin
 j - a +0 ring mail (worn)
 r - a +0 troll leather armour {Purgy}
 z - a +3 buckler
 N - a cursed -2 shield (worn)
Jewellery
 k - an uncursed ring of ice
 w - a +2 ring of intelligence (right hand)
 E - a ring of stealth (left hand)
Wands
 u - a wand of polymorph (21)
 F - a wand of flame (18)
 I - a wand of paralysis (12)
Scrolls
 e - 7 scrolls of identify
 h - a scroll of blinking
 i - a scroll of fog {unknown}
 m - a scroll of amnesia
 o - a scroll of remove curse
 p - 2 scrolls of random uselessness {unknown}
 s - 3 scrolls of enchant weapon {unknown}
 t - 9 scrolls of teleportation {unknown}
 y - 2 scrolls of vulnerability {unknown}
 B - 2 scrolls of magic mapping {unknown}
 J - a scroll of summoning {unknown}
 K - a scroll of noise {unknown}
 M - a scroll of immolation {unknown}
Potions
 d - a potion of lignification {unknown}
 f - a potion of brilliance {unknown}
 g - 4 potions of might
 l - 4 potions of mutation {unknown}
 n - a potion of curing {unknown}
 q - 2 potions of flight {unknown}
 v - a potion of berserk rage {unknown}
 x - 2 potions of agility {unknown}
 C - a potion of magic {unknown}
 D - 2 potions of heal wounds {unknown}
 H - a potion of haste {unknown}
Comestibles
 c - 22 rations


   Skills:
 + Level 10.8(8.4) Fighting
 + Level 10.8(8.3) Axes
 + Level 10.5(8.0) Armour
 + Level 9.7(7.3) Dodging
 * Level 9.3(6.9) Shields


You had 10 spell levels left.
You didn't know any spells.
Your spell library was empty.

Dungeon Overview and Level Annotations

Branches:
Dungeon (11/15)              Lair (0/6) D:11            Orc (0/2) D:10
  Sewer (visited)
 Temple: D:4-7

Altars:
Elyvilon
Fedhas
Hepliaklqana
Kikubaaqudgha
Makhleb
Okawaru
Qazlal
Ru
Vehumet
Wu Jian
Xom
Yredelemnul
Zin

Shops:
D:10 [

Annotations:
D:10 1 runed translucent door, dforspid's ghost, novice DsAr


Innate Abilities, Weirdness & Mutations

You reflexively headbutt those who attack you in melee.
You have a pair of horns on your head.


Message History

You block something's attack. Something hits you!
* * * LOW HITPOINT WARNING * * *
Something hits you!
* * * LOW HITPOINT WARNING * * *
You block something's attack. Something hits you but does no damage.
Something hits you!
* * * LOW HITPOINT WARNING * * *
Something hits you but does no damage. You block something's attack.
Something hits you but does no damage. Something hits you.
* * * LOW HITPOINT WARNING * * *
Okay, then.
Blink to where?
Press: ? - help, Dir - move target cursor You are very lightly contaminated with residual magic.
As you read the scroll of blinking, it crumbles to dust.
Something hits you!
You die...

.......#..........#..#...#...#
.......#....#####.#..#####...#
.......#....# .##.......###
#+#)...#....# ..#.......#
..#....+....# ..#.......#
..#....#....# ..#.......#
..#....#....#####..#..........#
..#....#+##.ยง......#..........#
..#.......#.....@..#..........#
###.......#........#..#####...#
..........#........#..# ...#
..........#........#.F# ...#
..........#'####+###.. ..#
...................
...................
...................
.....#####'#####...


There were no monsters in sight!

Vanquished Creatures
  Harold (D:9)
  2 two-headed ogres (D:9)
  An unseen horror (D:10)
  Pikel (D:7)
  An ugly thing (D:11)
  A manticore (D:11)
  A centaur zombie (D:10)
  A kobold demonologist (D:11)
  2 trolls (D:9)
  6 hippogriffs
  A meliai zombie (D:10)
  A wyvern (D:8)
  Grum (D:11)
  2 humans (D:7)
  4 yaks (D:10)
  A hungry ghost (D:8)
  A water moccasin (D:8)
  Purgy (Sewer)
  4 ice beasts
  3 slaves (D:7)
  4 orc warriors
  4 phantoms
  6 ogres
  4 wolves (D:11)
  A necrophage (D:8)
  6 bullfrogs
  4 scorpions
  4 killer bees (D:7)
  3 wights (D:9)
  6 howler monkeys
  4 crimson imps
  A bullfrog zombie (D:9)
  3 quasits
  3 hounds
  5 orc priests
  3 bullfrog skeletons
  A jelly (D:5)
  2 iguanas
  5 orc wizards
  7 worker ants
  10 adders
  2 shadow imps
  2 adder zombies
  3 adder skeletons
  A dart slug (D:2)
  A leopard gecko (D:7)
  24 orcs
  3 ball pythons
  3 bats (D:1)
  5 giant cockroaches
  8 goblins
  2 hobgoblins
  10 jackals
  7 kobolds
  7 quokkas
  3 frilled lizards
  A jackal skeleton (D:7)
  A quokka skeleton (D:5)
  A quokka zombie (D:6)
  8 rats
214 creatures vanquished.

Vanquished Creatures (collateral kills)
  A hydra (D:11)
  Sonja (D:11)
  A sky beast (D:11)
  A big kobold (D:11)
  A killer bee (D:11)
  A worker ant (D:11)
6 creatures vanquished.

Vanquished Creatures (others)
  An ogre (D:8)
  An orc wizard (D:8)
  A hound skeleton (D:8)
  2 adders (D:8)
  A hobgoblin (D:2)
  A fungus (D:6)
7 creatures vanquished.

Grand Total: 227 creatures vanquished

Notes
Turn   | Place    | Note
-------+----------+-------------------------------------------
     0 | D:1      | Blackhawk the Minotaur Berserker began the quest for the
                  | Orb.
     0 | D:1      | Reached XP level 1. HP: 19/19 MP: 0/0
   373 | D:1      | Reached XP level 2. HP: 27/27 MP: 1/1
  1439 | D:2      | Reached ** piety under Trog
  1446 | D:2      | Reached XP level 3. HP: 23/33 MP: 2/2
  1651 | D:2      | Found a faded altar of an unknown god.
  1678 | D:2      | Found a glowing silver altar of Zin.
  1762 | D:2      | Found a white marble altar of Elyvilon.
  2001 | D:3      | Found a glowing drain.
  2008 | Sewer    | Entered a sewer
  2230 | Sewer    | Noticed Purgy
  2240 | Sewer    | Killed Purgy
  2240 | Sewer    | Reached XP level 4. HP: 41/41 MP: 3/3
  2240 | Sewer    | Reached XP level 5. HP: 47/47 MP: 4/4
  2424 | D:3      | You fall into a shaft and drop 3 floors!
  2481 | D:6      | Noticed a phantom
  2489 | D:6      | Reached skill level 5 in Fighting
  2489 | D:6      | Reached skill level 5 in Axes
  2518 | D:6      | Killed a phantom
  2518 | D:6      | Reached XP level 6. HP: 21/56 MP: 5/5
  2909 | D:6      | Noticed an orc warrior
  3220 | D:7      | Reached *** piety under Trog
  3220 | D:7      | Reached skill level 5 in Armour
  3220 | D:7      | Reached XP level 7. HP: 60/62 MP: 6/6
  3297 | D:6      | Found a blossoming altar of Fedhas.
  3343 | D:6      | Reached skill level 5 in Dodging
  3458 | D:6      | Found a stormy altar of Qazlal.
  3955 | D:5      | Entered Level 5 of the Dungeon
  3955 | D:5      | Found a hazy altar of Hepliaklqana.
  3955 | D:5      | Found a basalt altar of Yredelemnul.
  4023 | D:5      | Reached XP level 8. HP: 39/71 MP: 7/7
  4416 | D:5      | Got a pitted hand axe
  4417 | D:5      | Identified the +8 hand axe of Sonan {freeze, +Inv rElec
                  | rF+} (You found it on level 5 of the Dungeon)
  4461 | D:5      | Found a burning altar of Makhleb.
  4461 | D:5      | Found a shimmering altar of Xom.
  5258 | D:7      | Found an iron altar of Okawaru.
  5621 | D:6      | Found a radiant altar of Vehumet.
  5725 | D:6      | Found an ancient bone altar of Kikubaaqudgha.
  5818 | D:7      | Reached skill level 1 in Shields
  5851 | D:7      | Reached XP level 9. HP: 62/81 MP: 8/8
  5968 | D:7      | Reached **** piety under Trog
  6285 | D:7      | Noticed Pikel
  6302 | D:7      | Killed Pikel
  7180 | D:8      | Found a shimmering altar of Xom.
  7199 | D:8      | Found an ornate altar of the Wu Jian Council.
  7563 | D:8      | Found a white marble altar of Elyvilon.
  7636 | D:8      | Reached XP level 10. HP: 91/91 MP: 9/9
  8142 | D:9      | Reached skill level 5 in Shields
  8283 | D:9      | Noticed Harold
  8299 | D:9      | Killed Harold
  9092 | D:9      | Noticed a two-headed ogre
  9097 | D:9      | Killed a two-headed ogre
  9293 | D:10     | Entered Level 10 of the Dungeon
  9941 | D:10     | Reached skill level 10 in Fighting
  9945 | D:10     | Reached skill level 10 in Axes
  9962 | D:10     | Noticed a two-headed ogre
 10164 | D:9      | Killed a two-headed ogre
 10164 | D:9      | Reached XP level 11. HP: 67/100 MP: 10/10
 10404 | D:10     | Found a staircase to the Orcish Mines.
 10431 | D:10     | Found Azytinam's Armour Shop.
 11020 | D:10     | Found a runed translucent door.
 11026 | D:10     | Killed an unseen horror
 11026 | D:10     | Reached skill level 10 in Armour
 11075 | D:10     | Noticed dforspid's ghost (novice DsAr)
 11168 | D:10     | Found a sacrificial altar of Ru.
 11683 | D:11     | Found a staircase to the Lair.
 11948 | D:11     | Noticed Grum
 11960 | D:11     | Killed Grum
 12055 | D:11     | Noticed a six-headed hydra
 12065 | D:11     | Killed an eight-headed hydra
 12402 | D:11     | Noticed Sonja
 12426 | D:11     | Killed Sonja
 12804 | D:11     | Noticed a cyan ugly thing
 12809 | D:11     | Killed a cyan ugly thing
 13520 | D:11     | HP: 1/101 [something (6)]
 13522 | D:11     | Mangled by an unseen horror

Levels and vault maps discovered:
D:1:      saegor_arrival_simple_e, layout_basic
D:2:      layout_basic, nicolae_overflow_hidden_temple,
          chequers_ecumenical_altar_simple, elyvilon_altar_4
D:3:      layout_loops_cross, portal_sewer_entry_e
D:5:      layout_cave_pods, grunt_temple_overflow_champion_of_chaos,
          chequers_temple_overflow_statue_of_worship, first_ration
D:6:      layout_rooms, lemuel_doored_altar, marbit_many_paths,
          grunt_temple_overflow_forces_of_nature
D:7:      layout_basic, okawaru_humans, uniq_pikel
D:8:      layout_basic, lemuel_crystal_altar, kennysheep_mini_moat,
          xom_confusion_cloud
D:9:      minmay_weird_star, layout_long_grid, grunt_ogre_cave, uniq_harold
D:10:     layout_gridville, orc_0_dummy, serial_shops, shop_statue,
          hellmonk_ghost_happy_afterlife, lemuel_tele_altar
D:11:     layout_irregular_city, lair_entry_dummy, serial_bayou_pond_b,
          uniq_grum, uniq_sonja

Skill      XL: |  1  2  3  4  5  6  7  8  9 10 11 |
---------------+----------------------------------+-----
Axes           | 4 5 6 7 9 10 | 10.8
Fighting       | 4 5 6 7 9 10 | 10.8
Armour         | 3 4 5 6 7 8 9 10 | 10.5
Dodging        | 3 4 5 6 7 9 |  9.7
Shields        | 1 4 7 9 |  9.3

Action                   |  1- 3 |  4- 6 |  7- 9 | 10-12 || total
-------------------------+-------+-------+-------+-------++-------
Melee: Hand axe          |    96 |    78 |   236 |   210 ||   620
       Headbutt          |     7 |    18 |    44 |    48 ||   117
Invok: Berserk           |     1 |     2 |     3 |     4 ||    10
       Brothers in Arms  |       |       |       |     3 ||     3
       Trog's Hand       |       |       |       |     1 ||     1
  Use: Scroll            |       |       |       |     6 ||     6
 Stab: Sleeping          |       |       |       |     1 ||     1
  Eat: Chunk             |     4 |     3 |    17 |    19 ||    43
       Ration            |       |     1 |       |     1 ||     2
Armor: Animal skin       |     6 |       |       |       ||     6
       Ring mail         |    28 |    29 |    51 |   108 ||   216
Dodge: Dodged            |    73 |    56 |   110 |   148 ||   387
Block: Buckler           |       |       |    26 |    57 ||    83
       Shield            |       |       |       |    62 ||    62
